[Event "*** Titled Tuesday Blitz"]
[Site "Chess.com"]
[Date "2020.04.14"]
[Round "5"]
[White "blitzking1729"]
[Black "abhidabhi"]
[Result "0-1"]
[WhiteElo "2582"]
[BlackElo "2750"]
[TimeControl "180+1"]
[EndTime "10:50:58 PDT"]
[Termination "abhidabhi won by checkmate"]

1. d4 Nf6 2. Bg5 d5 3. Nd2 c5 4. e3 cxd4 5. exd4 Nc6 6. c3 Bf5 7. Ngf3 e6 8. Qb3 Qb6 9. Qxb6 axb6 10. a3 Be7 11. Be2 h6 12. Bh4 g5 13. Bg3 Ne4 14. Nxe4 Bxe4 15. h4 g4 16. Nh2 h5 17. f3 gxf3 18.
Nxf3 Kd7 19. Kf2 f6 20. Nd2 Bf5 21. Bb5 Rag8 22. Bf4 Rg4 23. g3 Bd6 24. Bxd6 Kxd6 25. Rhe1 Rhg8 26. Re3 R4g7 27. Rae1 Bg4 28. Be2 e5 29.
Bxg4 Rxg4 30. dxe5+ fxe5 31. Rd3 Rf8+ 32. Kg2 Ke6 33.
Rf3 Rfg8 34. Ref1 e4 35. Re3 Ne7 36. c4 Ke5 37. Nf3+ Kd6 38. Nd2 Rxh4 39. cxd5 Kxd5 40. Rd1 Nf5 41. Nxe4+ Ke5 42. Rb3 Rxe4 43. Rb5+ Kf6 44. Rf1 Rxg3+ 45. Kh2 Rh4# 0-1

[Event "*** Titled Tuesday Blitz"]
[Site "Chess.com"]
[Date "2020.04.14"]
[Round "5"]
[White "atalz0"]
[Black "LuckSlayeer"]
[Result "0-1"]
[WhiteElo "2395"]
[BlackElo "2584"]
[TimeControl "180+1"]
[EndTime "10:50:58 PDT"]
[Termination "LuckSlayeer won on time"]

1. d4 Nf6 2. c4 e6 3. Nc3 Bb4 4. Qc2 O-O 5. e4 d5 6. e5 Ne4 7. Bd3 c5 8. Nf3 Nc6 9. O-O Bxc3 10. bxc3 cxd4 11. Ba3 Re8 12. cxd4 Qa5 13. Qb2 b6 14. Bxe4 dxe4 15. Ng5 Ba6 16. Rfc1 Red8 17. Bd6 Rxd6 18. exd6 Qxg5 19. c5 Rb8 20. Qa3 Be2 21. Qe3 Qxe3 22. fxe3 b5 23. Kf2 Bd3 24. a3 Kf8 25. g4 Ke8 26. h4 f6 27. Kg3 Kd7 28. Ra2 a5 29. g5 f5 30. Kf4 b4 31. axb4 axb4 32. Rca1 b3 33. Rb2 Bc4 34. Ra4 Bd5 35. h5 Rb7 36.
Ra1 Nb4 37. Kg3 Nd3 38. Rbb1 b2 0-1

[Event "*** Titled Tuesday Blitz"]
[Site "Chess.com"]
[Date "2020.04.14"]
[Round "5"]
[White "IvanRadivojevic"]
[Black "czasnaszachy"]
[Result "1-0"]
[WhiteElo "2525"]
[BlackElo "2339"]
[TimeControl "180+1"]
[EndTime "10:50:58 PDT"]
[Termination "IvanRadivojevic won by resignation"]

1. e4 c5 2. Nc3 e6 3. f4 Qc7 4.
Nf3 Qxf4 5. d4 Qc7 6. d5 d6 7. Be2 e5 8. O-O g6 9. Be3 Bg7 10. Ng5 f6 11. Ne6 Bxe6 12. dxe6 Ne7 13. Nd5 Nxd5 14. exd5 O-O 15. c4 Qe7 16. Qd2 Na6 17. Bd3 Nc7 18. h4 Ne8 19. h5 f5 20. hxg6 hxg6 21. Bg5 Bf6 22. Bh6 Ng7 23. g4 e4 24.
Bc2 Bd4+ 25. Kg2 Qh4 26. Qg5 Qxg5 27. Bxg5 Rae8 28. Ba4 b6 29. Rab1 f4 30. Rxf4 Rxf4 31.
Bxf4 Rf8 32. Bxd6 Rf2+ 33. Kg3 Rf3+ 34. Kg2 Rf2+ 35. Kh1 e3 36. Bg3 Rf3 37. Kg2 Rf8 38. e7 Rf7 39. d6 Bf6 40. Rf1 Bxe7 41. Rxf7 Kxf7 42. dxe7 Kxe7 43. Kf3 Ne6 44. Kxe3 Nd4 45. Bd1 a6 46. Be5 Ne6 47. Bf3 b5 48. Bd5 Nd8 49.
Bc7 Ne6 50. Bxe6 Kxe6 51. Ke4 b4 52. Bg3 g5 53. Bf2 Kd7 54. Bxc5 1-0

[Event "*** Titled Tuesday Blitz"]
[Site "Chess.com"]
[Date "2020.04.14"]
[Round "5"]
[White "2165149677570"]
[Black "tvjosue"]
[Result "0-1"]
[WhiteElo "2309"]
[BlackElo "2487"]
[TimeControl "180+1"]
[EndTime "10:50:58 PDT"]
[Termination "tvjosue won by checkmate"]

1. e4 c6 2. d4 d5 3. e5 Bf5 4.
Nf3 e6 5. Be2 c5 6. O-O Nc6 7.
Nbd2 cxd4 8. Nb3 Bg6 9. Nbxd4 Nge7 10. c3 Qd7 11. Qb3 Nxd4 12. Nxd4 Nc6 13. Nxc6 bxc6 14. c4 a6 15. Be3 Be7 16. Rac1 O-O 17. Qa4 Qb7 18.
b3 d4 19. Bxd4 c5 20. Be3 Be4 21. Rfd1 Bc6 22. Qa5 Bxg2 23. Bxc5 Bh3 24. f3 Rfd8 25. Rxd8+ Rxd8 26. Rd1 Rxd1+ 27. Bxd1 Qd7 28. Be2 Bd8 29. Qc3 h5 30. Kf2 Bh4+ 31. Ke3 Bg5+ 32. f4 Bh4 33. Qd4 Qc7 34. Bf3 Qa5 35. b4 Qa3+ 36. Qd3 Qxa2 37.
Bd6 Qf2+ 38. Ke4 Bf5# 0-1

[Event "*** Titled Tuesday Blitz"]
[Site "Chess.com"]
[Date "2020.04.14"]
[Round "5"]
[White "Vojtastr"]
[Black "dmvlad"]
[Result "1-0"]
[WhiteElo "2478"]
[BlackElo "2285"]
[TimeControl "180+1"]
[EndTime "10:50:58 PDT"]
[Termination "Vojtastr won on time"]

1. c4 Nf6 2. Nc3 g6 3. e4 d6 4.
d4 Bg7 5. Nf3 O-O 6. Be2 e5 7.
d5 a5 8. Bg5 Na6 9. Nd2 h6 10.
Bh4 g5 11. Bg3 Nd7 12. O-O Ndc5 13. a3 f5 14. exf5 Bxf5 15. Bg4 Bd3 16. Re1 Bg6 17. Nde4 a4 18. Bh5 Bh7 19. f3 Nb3 20. Rb1 Nac5 21. Qe2 Nd4 22. Qf2 Nd3 23. Qd2 Nxe1 24. Rxe1 b6 25.
Ne2 Nb3 26. Qc3 Nc5 27. Nc1 Qe7 28. Nd3 Nxe4 29. fxe4 Rf6 30. Nb4 Raf8 31. Nc6 Qd7 32. Qc2 Qc8 33. Qxa4 Kh8 34. Qc2 Qa8 35. a4 Qc8 36. b4 Qd7 37. a5 bxa5 38. bxa5 Ra8 39. Qe2 Qc8 40. Rb1 Qf8 41. Bg4 Bg6 42. c5 dxc5 43.
a6 Rf4 44. Bf3 1-0

[Event "*** Titled Tuesday Blitz"]
[Site "Chess.com"]
[Date "2020.04.14"]
[Round "5"]
[White "gui_borba"]
[Black "MosheFriedland"]
[Result "0-1"]
[WhiteElo "2348"]
[BlackElo "2317"]
[TimeControl "180+1"]
[EndTime "10:50:58 PDT"]
[Termination "MosheFriedland won by resignation"]

1. d4 Nf6 2. Bf4 c5 3. d5 d6 4.
Nc3 e5 5. dxe6 Bxe6 6. e4 Be7 7. Nf3 O-O 8. Ng5 d5 9. Nxe6 fxe6 10. exd5 exd5 11.
Qd2 d4 12. Bc4+ Kh8 13. Ne2 Nc6 14. O-O Nd5 15. Bg3 Bg5 16. Qd3 a6 17. a3 b5 18.
Ba2 c4 19. Qd1 Qf6 20. b3 c3 21. b4 Rad8 22. Bb3 Nf4 23. Nc1 Ne5 24. Bxf4 Bxf4 25. Qh5 g6 26. Qh3 Bxc1 27. Raxc1 d3 28. cxd3 Nxd3 29. Rcd1 Nf4 30. Qf3 Rde8 31. Rfe1 Rxe1+ 32. Rxe1 Qd4 33. Rc1 Qd2 34. Rf1 Ne2+ 35. Qxe2 Qxe2 0-1

[Event "*** Titled Tuesday Blitz"]
[Site "Chess.com"]
[Date "2020.04.14"]
[Round "5"]
[White "KacperPolOK"]
[Black "TheFireChess"]
[Result "0-1"]
[WhiteElo "2244"]
[BlackElo "2467"]
[TimeControl "180+1"]
[EndTime "10:50:59 PDT"]
[Termination "TheFireChess won by resignation"]

1. e4 c6 2. Nc3 d5 3. Nf3 Bg4 4. h3 Bxf3 5. Qxf3 Nf6 6. d3 e6 7.
g4 Bb4 8. Bd2 d4 9. Nb1 Qb6 10.
Bg2 Bxd2+ 11. Nxd2 Qxb2 12. O-O Qa3 13. Nc4 Qe7 14. e5 Nd5 15. Nd6+ Kf8 16. Qe4 h5 17. g5 Qxg5 18. f4 Qh4 19. Qxd4 g5 20.
Bxd5 cxd5 21. Kh2 g4 22. Qe3 Qxh3+ 23. Qxh3 gxh3 24. Nxb7 Nc6 25. Kxh3 Nd4 26. Nd6 Nf5 27. Nxf5 exf5 28. Rab1 Rc8 29. Rf2 Rc7 30. Rb8+ Kg7 31. Rg2+ Kh7 32. Rxh8+ Kxh8 33. Kh4 Rc6 34. Kxh5 Kh7 35.
c4 dxc4 36. dxc4 Rh6+ 37. Kg5 Rg6+ 38. Kxf5 Rxg2 39. Kf6 Kg8 40. f5 Rxa2 41. Ke7 Ra5 42. Kd6 Kf8 43. c5 Ke8 44. c6 Kd8 45. e6 fxe6 46.
fxe6 Ra1 47. e7+ Ke8 48. c7 Rc1 0-1

[Event "*** Titled Tuesday Blitz"]
[Site "Chess.com"]
[Date "2020.04.14"]
[Round "5"]
[White "ulkaf961"]
[Black "Klavdia_Nik"]
[Result "0-1"]
[WhiteElo "2272"]
[BlackElo "2155"]
[TimeControl "180+1"]
[EndTime "10:50:59 PDT"]
[Termination "Klavdia_Nik won on time"]

1. b3 Nf6 2. Bb2 g6 3. g3 Bg7 4.
Bg2 O-O 5. Nf3 c5 6. O-O Nc6 7. c4 d5 8. e3 Bg4 9. h3 Bf5 10. d3 dxc4 11. dxc4 Qxd1 12. Rxd1 Rad8 13. Nbd2 Nb4 14.
a3 Nd3 15. Bc3 Ne4 16. Bxg7 Kxg7 17. Nxe4 Bxe4 18. Ne1 Bxg2 19. Rxd3 Bxh3 20. Rad1 Rxd3 21. Rxd3 b6 22. f3 Bc8 23. e4 f6 24. Nc2 Kf7 25. Ne3 e6 26. b4 Ke7 27. Ng4 h5 28. Nf2 Rd8 29. Kf1 Bd7 30. b5 Bc8 31. Rb3 Rd4 32.
Rc3 g5 33. Ke2 f5 34. a4 Bb7 35. Ke3 Kf6 36. exf5 exf5 37. Nd3 Rd8 38. Ra3 Re8+ 39. Kf2 h4 40. a5 hxg3+ 41. Kxg3 Re3 42. a6 Rxf3+ 0-1

[Event "*** Titled Tuesday Blitz"]
[Site "Chess.com"]
[Date "2020.04.14"]
[Round "5"]
[White "Sanan_Sjugirov"]
[Black "INLOVEWITHF"]
[Result "1-0"]
[WhiteElo "2830"]
[BlackElo "2586"]
[TimeControl "180+1"]
[EndTime "10:51:01 PDT"]
[Termination "Sanan_Sjugirov won by checkmate"]

1. d4 d5 2. Nf3 Nf6 3. Bf4 e6 4. e3 c5 5. Nbd2 Bd6 6. c3 Qc7 7. Bxd6 Qxd6 8. Ne5 Nbd7 9. f4 b6 10. Bd3 Bb7 11. O-O O-O 12. Rf3 Ne4 13. Rh3 Ndf6 14. Ndf3 a5 15. g4 Nd7 16. g5 f6 17. gxf6 Ndxf6 18.
Qe2 a4 19. a3 Qe7 20. Kh1 Ba6 21. Bxa6 Rxa6 22. Qxa6 Nf2+ 23. Kg2 Nxh3 24. Kxh3 Qe8 25. Qe2 Qh5+ 26. Kg2 Ne4 27. Rg1 g5 28. Kh1 Kh8 29.
Nxg5 Qxe2 30. Ngf7+ Rxf7 31. Nxf7# 1-0

[Event "*** Titled Tuesday Blitz"]
[Site "Chess.com"]
[Date "2020.04.14"]
[Round "5"]
[White "Eltaj_Safarli"]
[Black "stanyga"]
[Result "1-0"]
[WhiteElo "3056"]
[BlackElo "2670"]
[TimeControl "180+1"]
[EndTime "10:51:01 PDT"]
[Termination "Eltaj_Safarli won by checkmate"]

1. e4 g6 2. d4 Bg7 3. Nc3 c6 4. Nf3 d6 5. Be3 Nd7 6. Qd2 b5 7. Bd3 Nb6 8. h3 Nf6 9. O-O O-O 10. Bh6 a5 11. Rfe1 b4 12. Ne2 c5 13.
dxc5 dxc5 14. e5 Nfd5 15. Ng3 c4 16. Be4 c3 17. bxc3 bxc3 18. Qc1 f5 19. exf6 exf6 20. Rd1 Be6 21. Nd4 Bf7 22. Ndf5 gxf5 23. Nxf5 Bh8 24. Bxf8 Qxf8 25. Nh6+ Kg7 26. Nf5+ Kg8 27. Nh6+ Kg7 28. Rd3 Bg6 29. Bxd5 Bxd3 30. Bxa8 Bg6 31.
Rb1 Qc5 32. Bf3 f5 33. Qg5 Qc7 34. Rxb6 Qxb6 35. Nxf5+ Kg8 36. Bd5+ Kf8 37. Qe7# 1-0

[Event "*** Titled Tuesday Blitz"]
[Site "Chess.com"]
[Date "2020.04.14"]
[Round "5"]
[White "AlexOstrovskiy"]
[Black "Shield12"]
[Result "1-0"]
[WhiteElo "2656"]
[BlackElo "2860"]
[TimeControl "180+1"]
[EndTime "10:51:01 PDT"]
[Termination "AlexOstrovskiy won by checkmate"]

1. d4 Nf6 2. Bg5 c5 3. d5 Ne4 4. h4 Qb6 5. Nd2 Nxd2 6. Bxd2 e6 7. e4 d6 8. Bc3 e5 9. a4 Be7 10. h5 h6 11. f4 Nd7 12. Nf3 O-O 13. fxe5 Nxe5 14.
Nxe5 dxe5 15. a5 Qd6 16. Bd3 f5 17. exf5 Bxf5 18. O-O e4 19. Rxf5 Rxf5 20. Qg4 Rg5 21. Qxe4 Bf6 22. Qh7+ Kf7 23. Rf1 Re5 24. Bxe5 Qxe5 25.
c3 Qxh5 26. Qe4 Re8 27. Qc4 Qe5 28. d6+ Kf8 29. Bg6 Qe6 30. Qxc5 Rd8 31. Rd1 Bg5 32.
d7+ Kg8 33. Qd5 Qxd5 34. Rxd5 Kf8 35. Kf2 Ke7 36. Be8 Ke6 37. Rb5 Rb8 38. Kf3 Kd6 39. Ke4 Bf6 40. c4 Kc6 41. d8=Q# 1-0

[Event "*** Titled Tuesday Blitz"]
[Site "Chess.com"]
[Date "2020.04.14"]
[Round "5"]
[White "Rakesh"]
[Black "Tashik"]
[Result "1-0"]
[WhiteElo "2395"]
[BlackElo "2545"]
[TimeControl "180+1"]
[EndTime "10:51:01 PDT"]
[Termination "Rakesh won by checkmate"]

1. e4 e5 2. Nf3 Nc6 3. d4 exd4 4. Nxd4 Nf6 5. Nc3 Bb4 6. Nxc6 bxc6 7. Bd3 O-O 8. O-O Re8 9. Qf3 h6 10. h3 d6 11. Bf4 Nd7 12. Rad1 Qf6 13. Qg3 Rb8 14.
Ne2 Ba5 15. b3 Nc5 16. Qf3 Ne6 17. Be3 Qxf3 18. gxf3 Bb6 19. Kh2 Ng5 20. f4 Nxe4 21. Kg2 Nf6 22. Bxb6 cxb6 23. Ng3 Nd5 24. Kf3 Bxh3 25.
Rh1 Bd7 26. c4 Nf6 27. Rdg1 Kf8 28. Bf5 Rbd8 29. Bxd7 Rxd7 30. Nf5 g6 31. Rxh6 Ng8 32. Rh8 d5 33. cxd5 Rxd5 34. Ne3 Rd3 35. Rc1 Rd6 36.
f5 c5 37. fxg6 Rxg6 38. Rd1 Kg7 39. Rh5 Nf6 40. Rf5 Ne4 41. Rd7 Ng5+ 42. Ke2 Rf8 43.
Re5 Ne6 44. Nf5+ Kf6 45. Red5 Nf4+ 46. Kf3 Nxd5 47. Rxd5 Re8 48. Kf4 Re6 49. Rd7 Rg1 50. Nh6 Rf1 51. f3 Kg6 52. Ng4 Rfe1 53. Rxa7 R1e2 54.
a4 Rd2 55. Ne5+ Kf6 56. Rxf7# 1-0

[Event "*** Titled Tuesday Blitz"]
[Site "Chess.com"]
[Date "2020.04.14"]
[Round "5"]
[White "BabyBoss31"]
[Black "IwkooO"]
[Result "0-1"]
[WhiteElo "2350"]
[BlackElo "2536"]
[TimeControl "180+1"]
[EndTime "10:51:01 PDT"]
[Termination "IwkooO won by checkmate"]

1. d4 Nf6 2. c4 c5 3. d5 e5 4. Nc3 d6 5. e4 g6 6. Be2 Bg7 7. Nf3 O-O 8. Bg5 h6 9. Bh4 g5 10. Bg3 Nh5 11. Nd2 Nf4 12. O-O Nd7 13. Bg4 Nf6 14. Bxc8 Rxc8 15. Re1 Qd7 16. Qc2 h5 17. f3 h4 18. Bxf4 exf4 19. h3 Nh5 20. Nf1 Ng3 21. Nxg3 hxg3 22. Ne2 Be5 23. Kf1 Kg7 24.
Ng1 b5 25. Rab1 Rb8 26. b3 Rb6 27. Ke2 Rfb8 28. Kd3 Qb7 29. cxb5 Rxb5 30. Ne2 Rb4 31. Nc1 c4+ 32. Kd2 Qa6 33. Ne2 Qb6 34. Kd1 a5 35. Nc1 a4 36. Re2 cxb3 37. axb3 Qg1+ 38. Re1 Qb6 39. Nd3 axb3 40. Qd2 Ra4 41. Nxe5 dxe5 42. Qb2 Rd4+ 43. Ke2 Qb5# 0-1

[Event "*** Titled Tuesday Blitz"]
[Site "Chess.com"]
[Date "2020.04.14"]
[Round "5"]
[White "ADODOVE"]
[Black "DonPreuss"]
[Result "0-1"]
[WhiteElo "1786"]
[BlackElo "2173"]
[TimeControl "180+1"]
[EndTime "10:51:01 PDT"]
[Termination "DonPreuss won on time"]

1. e4 e5 2. Nf3 d5 3. exd5 e4 4. Qe2 Nf6 5. d3 Qxd5 6. Bg5 Bb4+ 7. c3 O-O 8. dxe4 Nxe4 9. Be3 Bc5 10. Nbd2 Nxd2 11. Qxd2 Qxd2+ 12. Kxd2 Bxe3+ 13. Kxe3 Nc6 14. Bd3 Re8+ 15. Kd2 Bg4 16. Rae1 Rxe1 17. Rxe1 Rd8 18. Kc2 Bxf3 19. gxf3 Kf8 20. Be4 Rd6 21. Rd1 Rxd1 22. Kxd1 Nd8 23. a4 b6 24. b4 Ke7 25. Kc2 Ne6 26. Kb3 h6 27. Kc4 a6 28. a5 b5+ 29.
Kd5 Kd7 30. Bf5 c6+ 31. Ke5 f6+ 32. Ke4 Kd6 33. Bxe6 Kxe6 34. f4 g6 0-1

[Event "*** Titled Tuesday Blitz"]
[Site "Chess.com"]
[Date "2020.04.14"]
[Round "5"]
[White "Bigfish1995"]
[Black "Alexander_Zubov"]
[Result "1-0"]
[WhiteElo "3103"]
[BlackElo "2877"]
[TimeControl "180+1"]
[EndTime "10:51:02 PDT"]
[Termination "Bigfish1995 won by resignation"]

1. d4 Nf6 2. c4 g6 3. Nc3 d5 4. Nf3 Bg7 5. h4 c6 6. cxd5 cxd5 7. Bf4 Nc6 8. e3 O-O 9. Qb3 Na5 10. Qa3 Nc6 11.
Be2 Bg4 12. O-O Re8 13. Rfd1 e6 14. Rac1 Bf8 15. Qb3 Na5 16. Qa4 a6 17. Bc7 Qxc7 18. Nxd5 Qd8 19. Nxf6+ Qxf6 20. Qxa5 Bxf3 21. Bxf3 Qxh4 22.
Bxb7 Rab8 23. Qxa6 Re7 24. g3 Qf6 25. Be4 Rxb2 26. Rc2 Rxc2 27. Bxc2 Qf3 28. Bb3 h5 29. Qf1 h4 30. Qg2 Qxg2+ 31. Kxg2 hxg3 32. Kxg3 Rc7 33. Kf3 Kg7 34. a4 Rc3 35. Rb1 Rc7 36. a5 Bb4 37. a6 Ba5 38. Bd1 Kf6 39. Rb5 Bc3 40. Rb7 Rc6 41.
Be2 1-0

[Event "*** Titled Tuesday Blitz"]
[Site "Chess.com"]
[Date "2020.04.14"]
[Round "5"]
[White "DivyaDeshmukh23"]
[Black "Halvard"]
[Result "1-0"]
[WhiteElo "2490"]
[BlackElo "2104"]
[TimeControl "180+1"]
[EndTime "10:51:02 PDT"]
[Termination "DivyaDeshmukh23 won on time"]

1. e4 c5 2. Nf3 d6 3. d4 Nf6 4. Nc3 cxd4 5. Nxd4 a6 6. Bg5 Nbd7 7. f4 Qc7 8. Qf3 h6 9. Bh4 g5 10. fxg5 hxg5 11.
Bg3 g4 12. Qf2 Bh6 13. Bd3 Qb6 14. Nb3 Be3 15. Qe2 Ne5 16. Bf2 Bxf2+ 17. Qxf2 Qc7 18. O-O-O Be6 19. Nd4 O-O-O 20. Nxe6 fxe6 21. Qa7 Qb8 22. Qb6 Qc7 23. Qb3 Qd7 24. Na4 Nxd3+ 25. Rxd3 Kb8 26.
Nc5 Qc6 27. Nxe6 Rc8 28. Re1 Nxe4 29. Nd4 Qc5 30. Rxe4 Rxh2 31. Re1 e5 32. Ne6 Qf2 33.
Red1 Rxg2 34. R3d2 1-0

[Event "*** Titled Tuesday Blitz"]
[Site "Chess.com"]
[Date "2020.04.14"]
[Round "5"]
[White "Ariadna_Atreides"]
[Black "Colombiano07"]
[Result "0-1"]
[WhiteElo "2012"]
[BlackElo "2301"]
[TimeControl "180+1"]
[EndTime "10:51:02 PDT"]
[Termination "Colombiano07 won on time"]

1. Nf3 d5 2. d4 Bf5 3. e3 e6 4. Bd3 Bxd3 5. cxd3 Nf6 6. O-O Be7 7. Nc3 O-O 8. e4 Nc6 9. Be3 Bb4 10. Rc1 Bxc3 11.
bxc3 dxe4 12. dxe4 Nxe4 13. Qc2 Nd6 14. Ng5 Nf5 15.
g4 h6 16. gxf5 hxg5 17. fxe6 fxe6 18. Qg6 Qf6 19. Qxg5 Qxg5+ 20. Bxg5 Rf5 21. Be3 Rd8 22. Rfd1 Kf7 23. c4 Ra5 24. Rd2 Ne7 25. Rcd1 Nf5 26.
d5 exd5 27. cxd5 Nxe3 28. fxe3 Kf6 29. Rf1+ Ke5 30. Rf7 Rdxd5 31. Rxd5+ Kxd5 32. Rxc7 b5 33. Rxg7 Rxa2 34. h4 a5 35. h5 Ra4 36. h6 Rh4 37.
h7 Kc4 38. e4 Kd4 39. Rb7 b4 40. Rb5 Rxh7 41. Rxa5 Rb7 42. e5 b3 43. Ra1 Kxe5 44.
Kf2 b2 45. Rb1 Kd4 46. Ke2 Kc3 47. Kd1 Rd7+ 0-1

[Event "*** Titled Tuesday Blitz"]
[Site "Chess.com"]
[Date "2020.04.14"]
[Round "5"]
[White "AlexandraBotez"]
[Black "fabianvivasz"]
[Result "0-1"]
[WhiteElo "1960"]
[BlackElo "2200"]
[TimeControl "180+1"]
[EndTime "10:51:02 PDT"]
[Termination "fabianvivasz won by resignation"]

1. d4 Nf6 2. c4 c5 3. d5 b5 4. cxb5 a6 5. bxa6 g6 6. Nf3 Bg7 7. g3 d6 8. Bg2 Bxa6 9. O-O Nbd7 10. Nc3 Nb6 11. Nd2 O-O 12. Re1 Ng4 13. Qc2 Ne5 14. b3 c4 15. Rb1 Qc7 16. b4 Bb7 17. h3 e6 18. f4 Ned7 19. e4 exd5 20. exd5 Nf6 21. a3 Nfxd5 22. Nxd5 Bxd5 23. Bxd5 Nxd5 24. Qxc4 Qb6+ 25. Kh2 Ne3 26. Qe2 Nc2 27. Rf1 Nd4 28.
Qg2 Rfe8 29. Rf2 Rac8 30. Nf3 Nxf3+ 31. Qxf3 Re1 32. Bb2 Rxb1 33. Bxg7 Kxg7 34. f5 g5 35. f6+ Kg8 36. Qf5 Qe3 37. h4 Rbc1 38. hxg5 Qxf2+ 39. Qxf2 R1c2 40. Kg2 Rxf2+ 0-1

[Event "*** Titled Tuesday Blitz"]
[Site "Chess.com"]
[Date "2020.04.14"]
[Round "5"]
[White "lrestevez"]
[Black "mathapples"]
[Result "1-0"]
[WhiteElo "2162"]
[BlackElo "2325"]
[TimeControl "180+1"]
[EndTime "10:51:03 PDT"]
[Termination "lrestevez won by resignation"]

1. e4 c6 2. Nc3 d5 3. Nf3 Bg4 4. h3 Bxf3 5. Qxf3 e6 6. g4 Nd7 7. Bg2 Ngf6 8. d3 Bb4 9. Bd2 d4 10. Nb1 Qb6 11. b3 Bxd2+ 12. Nxd2 O-O 13. O-O e5 14.
Nc4 Qc7 15. Qg3 b5 16. Nd2 h5 17. g5 Ne8 18. f4 exf4 19. Rxf4 Ne5 20. Raf1 Ng6 21.
R4f3 Qxg3 22. Rxg3 Ne5 23. h4 Nc7 24. Nf3 Nxf3+ 25. Rgxf3 Rae8 26. Rf5 g6 27. Rf6 Re6 28. Bh3 Rxf6 29. Rxf6 c5 30. Rc6 Ne6 31. Bxe6 fxe6 32.
Rxe6 Rf4 33. Rxg6+ Kf7 34. Rf6+ Rxf6 35. gxf6 Kxf6 36.
Kf2 Ke5 37. Kf3 Ke6 38. Kf4 Kf6 39. a3 a5 40. e5+ Ke6 41. Ke4 a4 42. bxa4 bxa4 43.
Kf4 Ke7 44. Kf5 Kf7 45. e6+ Ke7 46. Ke5 Ke8 47. Kd6 Kd8 48. Kxc5 Ke7 49. Kd5 Ke8 50. Kxd4 Ke7 51. Ke5 Ke8 52. Kd6 Kd8 53. e7+ Ke8 54.
d4 Kf7 55. Kd7 1-0

[Event "*** Titled Tuesday Blitz"]
[Site "Chess.com"]
[Date "2020.04.14"]
[Round "5"]
[White "ersekitamara"]
[Black "zacachess"]
[Result "0-1"]
[WhiteElo "1951"]
[BlackElo "2288"]
[TimeControl "180+1"]
[EndTime "10:51:03 PDT"]
[Termination "zacachess won by resignation"]

1. d4 Nf6 2. Bg5 Ne4 3. Bf4 d5 4. f3 Nf6 5. Nd2 c5 6. c3 Nc6 7. e3 h6 8. Bd3 Nh5 9. Bg3 Nxg3 10. hxg3 e5 11. Ne2 Bd6 12. f4 exd4 13. exd4 Bg4 14. Qa4 Qe7 15. O-O-O c4 16. Bxc4 dxc4 17. d5 Bxe2 18. dxc6 O-O 19. Rde1 Qe3 20. cxb7 Rad8 21. Qd1 Rfe8 22. Qc2 Bc5 23. g4 Qf2 24. Ne4 Be3+ 25. Kb1 Qxg2 26. Qxe2 Qxe4+ 27. Ka1 Qd3 28. Qxd3 cxd3 29.
Rh3 d2 30. Rd1 Bxf4 31. Rf3 Re1 32. Rf1 0-1

[Event "*** Titled Tuesday Blitz"]
[Site "Chess.com"]
[Date "2020.04.14"]
[Round "5"]
[White "Shahinyan_ChessMood"]
[Black "krasavetc"]
[Result "1-0"]
[WhiteElo "2677"]
[BlackElo "2498"]
[TimeControl "180+1"]
[EndTime "10:51:04 PDT"]
[Termination "Shahinyan_ChessMood won by checkmate"]

1. e4 c5 2. Nc3 d6 3. g3 Nf6 4. Bg2 g6 5. d3 Bg7 6. h3 O-O 7. Be3 Nc6 8. Qd2 Nd4 9. Nce2 e5 10. f4 exf4 11. Nxf4 Re8 12. c3 Ne6 13. Nge2 Nxf4 14. Nxf4 d5 15. exd5 g5 16. Ne2 Nxd5 17. Bxg5 Rxe2+ 18. Kxe2 Qd6 19. Bf4 Qd8 20. Kf2 Bf5 21. Rhe1 Qd7 22.
g4 Bg6 23. Be5 Rd8 24. Bxg7 Kxg7 25. Kg1 Nf6 26. Qg5 Qd6 27. Rad1 h6 28. Qe5 Qb6 29. Rf1 Re8 30. Qf4 Re2 31. Rf2 Rxb2 32. Rxb2 Qxb2 33.
Qe5 Bxd3 34. Rxd3 Qb1+ 35. Bf1 c4 36. Rf3 Qb6+ 37. Kh1 Qc6 38. Bg2 b5 39. g5 hxg5 40. Qxg5+ Kf8 41. Qxf6 Qd7 42. Qh8+ Ke7 43. Re3+ Kd6 44.
Qe5# 1-0

[Event "*** Titled Tuesday Blitz"]
[Site "Chess.com"]
[Date "2020.04.14"]
[Round "5"]
[White "Schandenfreude"]
[Black "joksijoksi"]
[Result "1-0"]
[WhiteElo "2491"]
[BlackElo "2312"]
[TimeControl "180+1"]
[EndTime "10:51:04 PDT"]
[Termination "Schandenfreude won by resignation"]

1. Nf3 Nf6 2. b3 g6 3. Bb2 Bg7 4. g3 d6 5. d4 O-O 6. Bg2 Nbd7 7.
O-O e5 8. dxe5 Ng4 9. c4 Ngxe5 10.
Nc3 Nc5 11. Qd2 Nxf3+ 12. Bxf3 Bh3 13. Rfe1 a5 14. Rad1 Be6 15. Nd5 Bxd5 16. Bxd5 Bxb2 17.
Qxb2 c6 18. Bf3 Qe7 19. Rd2 Rad8 20. Red1 Rd7 21. h4 h5 22. Qc3 a4 23. b4 Ne4 24.
Bxe4 Qxe4 25. e3 Rfd8 26. a3 d5 27. Rd4 Qe6 28. Qd2 b5 29. cxb5 cxb5 30. Rc1 Qf5 31. Rc5 Qb1+ 32. Kg2 Qb3 33. Rd3 Qb1 34. Rxb5 Qa1 35.
Qc3 Qxc3 36. Rxc3 d4 37. exd4 Rxd4 38. Ra5 Rd3 39. Rxd3 Rxd3 40. Rxa4 Rb3 41. Ra5 Kg7 42. b5 Rb2 43. a4 Kf6 44. Ra6+ Kf5 45. b6 f6 46. a5 Kg4 47. Ra7 f5 48. b7 f4 49.
gxf4 Kxf4 50. a6 g5 51. hxg5 1-0

[Event "*** Titled Tuesday Blitz"]
[Site "Chess.com"]
[Date "2020.04.14"]
[Round "5"]
[White "PrinceCharming92"]
[Black "1f3_2g41-0"]
[Result "1/2-1/2"]
[WhiteElo "2334"]
[BlackElo "2181"]
[TimeControl "180+1"]
[EndTime "10:51:04 PDT"]
[Termination "Game drawn by agreement"]

1. e4 c5 2. Nc3 e6 3. f4 d5 4. d3 Nc6 5. Nf3 g6 6. g3 Bg7 7. e5 Nge7 8. Bg2 a6 9. O-O b5 10. Ne2 Bb7 11. h3 Qb6 12. g4 h5 13. Ng3 hxg4 14. hxg4 c4+ 15. d4 a5 16. c3 b4 17. Be3 a4 18. a3 bxc3 19. bxc3 Na5 20. Qe2 Nb3 21. Rae1 O-O-O 22. f5 gxf5 23. gxf5 exf5 24.
Bg5 Qe6 25. Nh4 Rdg8 26. Nhxf5 Nxf5 27. Rxf5 Bh6 28. Rf6 Qd7 29. Bxh6 Rxg3 30. e6 fxe6 31. Rxe6 Rhg8 32. Re8+ Rxe8 33. Qxe8+ Qxe8 34. Rxe8+ Kd7 35. Rf8 Rxc3 36. Rf7+ Kc6 37. Bxd5+ Kxd5 38. Rxb7 Nxd4 39. Rd7+ Ke4 40. Kf1 Rxa3 41. Bg7 Rd3 42. Re7+ Kf5 43. Rf7+ Ke6 44. Ra7 a3 45. Bxd4 Rxd4 46. Rxa3 Rd3 47. Rxd3 cxd3 48. Ke1 Kd5 49. Kd2 Kd4 50. Kd1 Ke4 51.
Kd2 Kd4 52. Kd1 Kc3 53. Kc1 Kb3 54. Kd2 Kc4 55. Kd1 Kc3 56. Kc1 1/2-1/2

[Event "*** Titled Tuesday Blitz"]
[Site "Chess.com"]
[Date "2020.04.14"]
[Round "5"]
[White "GMBenjaminBok"]
[Black "adiosabu"]
[Result "0-1"]
[WhiteElo "2871"]
[BlackElo "2559"]
[TimeControl "180+1"]
[EndTime "10:51:05 PDT"]
[Termination "adiosabu won on time"]

1. c4 e5 2. g3 Nf6 3. Bg2 Be7 4. Nc3 O-O 5. Nf3 d6 6. d4 Nbd7 7. O-O c6 8. b3 Qc7 9. Bb2 e4 10. Nd2 d5 11. Rc1 Qa5 12. a3 Re8 13. b4 Qb6 14. Qb3 Qxd4 15. Ncxe4 Qb6 16. Nxf6+ Nxf6 17. Bxf6 Bxf6 18.
cxd5 Rxe2 19. Nc4 Qd8 20. dxc6 bxc6 21. Na5 Be6 22. Qf3 Qd2 23. Nxc6 Re8 24. Rfd1 Qb2 25. Bf1 Rd2 26. Rxd2 Qxd2 27. Rd1 Qa2 28. Nxa7 h5 29. Qxh5 Qxa3 30. Nc6 Qa4 31. Qf3 Bb3 32. Rc1 Be6 33.
b5 Qa2 34. b6 Qb2 0-1

[Event "*** Titled Tuesday Blitz"]
[Site "Chess.com"]
[Date "2020.04.14"]
[Round "5"]
[White "GigaQuparadze"]
[Black "BAS8892"]
[Result "1-0"]
[WhiteElo "2913"]
[BlackElo "2652"]
[TimeControl "180+1"]
[EndTime "10:51:05 PDT"]
[Termination "GigaQuparadze won by resignation"]

1. e4 c6 2. d4 d5 3. Nc3 dxe4 4. Nxe4 Bf5 5. Ng3 Bg6 6. h4 h6 7. Nf3 Nd7 8. h5 Bh7 9. Bd3 Bxd3 10. Qxd3 e6 11.
Bf4 Qa5+ 12. Bd2 Qc7 13. O-O-O Ngf6 14. Ne4 O-O-O 15. g3 Nxe4 16. Qxe4 Bd6 17. c4 c5 18.
d5 Nf6 19. Qc2 exd5 20. cxd5 Qd7 21. Bc3 Rhe8 22. Bxf6 gxf6 23. Nh4 Re5 24. f4 Rxh5 25. Qe2 Rxd5 26. Rxd5 Bxf4+ 27. gxf4 Qxd5 28. Rh3 Qxa2 29. Ra3 Qd5 30. Nf3 Kb8 31. Nd2 Qd4 32. Qe3 Qd5 33. Rc3 b6 34. Qe2 Qd4 35. Rc4 Qd5 36. Re4 h5 37. Re8 h4 38. Rxd8+ Qxd8 39. Qh5 Qd4 40.
Qxh4 c4 41. Qg3 Kb7 42. Qf3+ Kc7 43. f5 b5 44. Qh5 Qd5 45. Qh2+ Kb7 46. Qf4 Ka6 47.
Qe4 Qd6 48. Qe8 Qd5 49. Qc8+ Ka5 50. Qc7+ Ka6 51. Qf4 Ka5 52. Qe3 Ka6 53. Qe4 Qd6 54.
Kc2 Ka5 55. Nf3 a6 56. Nd4 Qh2+ 57. Kb1 Qd6 58. Ka2 Kb6 59. Nc2 a5 60. Ne3 a4 61.
Nd5+ Kc5 62. Nc3 Kb6 63. Qa8 Qc7 64. Nd5+ 1-0